 Dungeon Crawl Stone Soup version 0.19.1 (webtiles) character file.

128 Iflex the Poker (level 5, -1/39 HPs)
             Began as a Merfolk Gladiator on May 23, 2017.
             Killed from afar by a white imp (9 damage)
             ... with a puff of frost
             ... summoned by Natasha
             ... on level 4 of the Dungeon on May 24, 2017.
             The game lasted 00:09:54 (2845 turns).

Iflex the Poker (Merfolk Gladiator)                 Turns: 2845, Time: 00:09:55

Health: -1/39      AC:  5    Str: 16    XL:     5   Next: 11%
Magic:  5/5        EV: 14    Int:  7    God:
Gold:   139        SH:  0    Dex: 15    Spells: 0 memorised, 4 levels left

rFire  . . .     SeeInvis .     a - +0 trident
rCold  . . .     Gourm    .     b - +0 leather armour
rNeg   . . .     Faith    .     (no shield)
rPois  .         Spirit   .     c - +0 helmet
rElec  .         Reflect  .     (no cloak)
rCorr  .         Harm     .     v - +0 pair of gloves
MR     .....                    (no boots)
Stlth  +.........               (no amulet)
                                (no ring)
                                (no ring)

@: confused
A: change form in water, swift swim, stealthy swim
a: no special abilities


You were on level 4 of the Dungeon.
You were hungry.

You visited 1 branch of the dungeon, and saw 4 of its levels.

You collected 139 gold pieces.

Inventory:

Hand Weapons
 a - a +0 trident (weapon)
Missiles
 d - 2 throwing nets (quivered)
 l - 2 tomahawks
 q - 4 tomahawks of returning
Armour
 b - a +0 leather armour (worn)
 c - a +0 helmet (worn)
 v - a +0 pair of gloves (worn)
Jewellery
 e - an uncursed amulet of harm {unknown}
Wands
 r - a wand of confusion (15/48)
Scrolls
 g - a scroll of blinking {unknown}
 h - 3 scrolls of identify {unknown}
 i - a scroll of fog {unknown}
 n - a scroll of teleportation {unknown}
 s - a scroll of magic mapping {unknown}
 t - a scroll of amnesia {unknown}
 u - a scroll of remove curse {unknown}
Potions
 k - a potion of degeneration {unknown}
 m - a potion of curing
Comestibles
 f - 4 bread rations
 j - a beef jerky
 o - a fruit
 p - a slice of pizza
 w - a meat ration


   Skills:
 + Level 2.5 Fighting
 + Level 6.3 Polearms
 + Level 2.2 Throwing
 + Level 1.2 Armour
 + Level 4.9 Dodging
 + Level 0.2 Stealth


You had 4 spell levels left.
You didn't know any spells.

Dungeon Overview and Level Annotations

Branches:
Dungeon (4/15)
 Temple: D:4-7

Altars:
Uskayaw
Yredelemnul

Annotations:
D:4 Natasha


Message History

Natasha mumbles some strange words.
You closely miss the white imp. The howler monkey hits you.
* * * LOW HITPOINT WARNING * * *
Natasha casts a spell.
The white imp barely misses you. The orc hits you with a dagger.
* * * LOW HITPOINT WARNING * * *
An adder skeleton comes into view.
The orc shouts!
The white imp gestures at you. The puff of frost misses you.
A crimson imp comes into view.
The orc wizard casts a spell at you.
You are confused.
The howler monkey closely misses you.
Found 3 scrolls labeled JODIOS MULOR.
The crimson imp shouts!
The howler monkey misses you. The white imp gestures at you.
The puff of frost hits you!
You die...

# #.. #. #.##. #.##....
#...... .5 ?.. #. #Z# # #
#.##.##.#...#
#.#5.@.5...........
#h5oh..............
+.................#
#.o#.##.#.........### .
#..#.##.#.###...#...
....#...oo#.#.........#
#......................# .
#.......#..#.#.........##..
###.....#..#.#.............


You could see a howler monkey, an orc wizard, Natasha, a crimson imp, a white
imp, a shadow imp, 2 orcs and an adder skeleton.

Vanquished Creatures
  5 adders
  4 worms
  2 dart slugs
  2 leopard geckos
  7 orcs (D:4)
  8 bats
  3 giant cockroaches
  7 goblins
  3 hobgoblins
  4 jackals (D:3)
  7 kobolds
  A quokka (D:2)
  A ball python (D:2)
  2 frilled lizards (D:2)
  A rat (D:2)
57 creatures vanquished.

Notes
Turn   | Place    | Note
-------+----------+-------------------------------------------
     0 | D:1      | Iflex the Merfolk Gladiator began the quest for the Orb.
     0 | D:1      | Reached XP level 1. HP: 16/16 MP: 1/1
   225 | D:1      | Reached XP level 2. HP: 21/22 MP: 2/2
   343 | D:1      | Reached skill level 5 in Polearms
   916 | D:2      | Reached XP level 3. HP: 27/27 MP: 3/3
  1307 | D:2      | Found a basalt altar of Yredelemnul.
  1355 | D:2      | Reached XP level 4. HP: 30/34 MP: 4/4
  1639 | D:2      | Found a hide-covered altar of Uskayaw.
  2063 | D:3      | Reached skill level 6 in Polearms
  2456 | D:4      | Reached skill level 1 in Armour
  2490 | D:4      | Reached XP level 5. HP: 22/39 MP: 5/5
  2839 | D:4      | Noticed Natasha
  2845 | D:4      | Killed from afar by a white imp

Skill      XL: |  1  2  3  4 |
---------------+-------------+-----
Polearms       | 5 6 |  6.3
Armour         | 1 |  1.2
Fighting       | |  2.5
Throwing       | |  2.2
Dodging        | |  4.9
Stealth        | |  0.2

Action                   |  1- 3 |  4- 6 || total
-------------------------+-------+-------++-------
Melee: Trident           |   103 |   105 ||   208
Throw: Throwing net      |       |     3 ||     3
Evoke: Wand              |       |     1 ||     1
  Use: Potion            |       |     3 ||     3
 Stab: Sleeping          |     2 |       ||     2
  Eat: Chunk             |     1 |       ||     1
       Bread ration      |       |     1 ||     1
Armor: Leather armour    |    15 |    17 ||    32
Dodge: Dodged            |    45 |    72 ||   117
